 Dungeon Crawl Stone Soup version 0.18-a0-24-g6e14259 (webtiles) character file.

171722 Duffy the Unseen (level 18, 124/138 HPs)
             Began as a Formicid Earth Elementalist on Nov 3, 2015.
             Was the Champion of Makhleb.
             Quit the game on level 1 of the Depths.
             The game lasted 01:02:30 (32744 turns).

Duffy the Unseen (Formicid Earth Elementalist)     Turns: 32744, Time: 01:02:30

Health: 124/138    AC: 15    Str: 19    XL:     18   Next: 65%
Magic:  29/29      EV: 16    Int: 17    God:    Makhleb [******]
Gold:   1430       SH: 14    Dex: 15    Spells: 5 memorised, 15 levels left

rFire  + . .     SeeInvis +     s - +9 quick blade (freeze)
rCold  + + .     Clarity  .     M - +0 swamp dragon armour
rNeg   . . .     SustAt   .     T - +2 shield
rPois  +         Gourm    .     (helmet unavailable)
rElec  .         Spirit   .     Q - +2 cloak
rCorr  .         Warding  .     q - +0 pair of gloves
rMut   .         Stasis   +     (no boots)
MR     +....                    Y - amulet of regeneration
Stlth  +++++.....               K - ring of invisibility
                                C - ring of Kezid {-Tele rF+ rC++ Str+4}

@: somewhat resistant to hostile enchantments, quite stealthy
A: permanent stasis, dig shafts and tunnels, four strong arms, antennae 3
a: Dig, Shaft Self, Minor Destruction, Lesser Servant of Makhleb, Major
Destruction, Greater Servant of Makhleb, Renounce Religion, Evoke Invisibility


You were on level 1 of the Depths.
You worshipped Makhleb.
Makhleb was exalted by your worship.
You were very hungry.

You visited 3 branches of the dungeon, and saw 24 of its levels.
You also visited: Bailey and Ice Cave.

You collected 1876 gold pieces.
You spent 446 gold pieces at shops.


Innate Abilities, Weirdness & Mutations

You are under a permanent stasis effect.
You can dig through walls and to a lower floor.
Your four strong arms can wield two-handed weapons with a shield.
You have a pair of large antennae on your head (SInv).


   Skills:
 + Level 11.1 Fighting
 - Level 10.0 Short Blades
 - Level 11.0 Armour
 + Level 8.2 Dodging
 - Level 15.0 Stealth
 - Level 10.0 Shields
 - Level 7.4 Spellcasting
 - Level 6.4 Conjurations
 - Level 1.2 Transmutations
 - Level 11.5 Earth Magic
 - Level 8.8 Invocations
 - Level 11.4 Evocations


You had 15 spell levels left.
You knew the following spells:

 Your Spells              Type           Power        Failure   Level  Hunger
a - Sandblast             Erth           #####.       1%          1    None
c - Stone Arrow           Conj/Erth      #####.       1%          3    ##.....
d - Lee's Rapid Deconstr  Erth           #####.....   6%          5    #####..
e - Petrify               Trmt/Erth      ####....     14%         4    ####...
P - Passwall              Trmt/Erth      ####......   4%          3    ##.....

Inventory:

Hand Weapons
 b - a +6 dagger of electrocution
 h - a +0 blowgun
 s - a +9 quick blade of freezing (weapon)
 V - the +7 scimitar of an ossuary {flame, rF+ rN+}

   It has been specially enchanted to burn those struck by it, causing extra
   injury to most foes and up to half again as much damage against particularly
   susceptible opponents.
   Big, fiery blades are also staple armaments of hydra-hunters.
   It protects you from fire.
   It protects you from negative energy.
Missiles
 a - 369 stones (quivered)
 D - 14 curare-tipped needles
 E - 108 poisoned needles
 R - 6 throwing nets
Armour
 q - a +0 pair of gloves (worn)
 M - a +0 swamp dragon armour (worn)
 Q - a +2 cloak (worn)
 T - a +2 shield (worn)
Jewellery
 C - the ring of Kezid (left hand) {-Tele rF+ rC++ Str+4}

   [ring of strength]

   It affects your strength (+4).
   It protects you from fire.
   It greatly protects you from cold.
   It prevents most forms of teleportation.
 K - a ring of invisibility (right hand)
 L - an uncursed amulet of resist mutation
 Y - an amulet of regeneration (around neck)
Wands
 j - a wand of paralysis (16)
 n - a wand of digging (4)
 u - a wand of confusion (32)
 y - a wand of polymorph (7)
 F - a wand of paralysis (5)
 P - a wand of flame (26)
 S - a wand of confusion (35)
 Z - a wand of cold (9)
Scrolls
 e - a scroll of magic mapping
 k - 2 scrolls of remove curse
 l - 3 scrolls of fog
 m - 2 scrolls of fear
 r - 7 scrolls of recharging
 A - a scroll of identify
 G - a scroll of holy word
 N - 3 scrolls of amnesia
Potions
 c - 2 potions of might
 o - 2 potions of flight
 p - 5 potions of heal wounds
 t - 4 potions of brilliance
 v - 2 potions of cancellation
 H - 2 potions of magic
 I - 2 potions of agility
 O - 5 potions of resistance
 X - 4 potions of curing
Books
 g - a book of Beasts
 w - a book of Envenomations
 W - a book of the Tempests
Miscellaneous
 J - a lamp of fire
 U - a phantom mirror
Comestibles
 d - 18 bread rations
 f - 12 royal jellies
 i - 9 meat rations
 x - 2 beef jerkies
 z - 6 slices of pizza
 B - 14 fruits

Dungeon Overview and Level Annotations

Branches:
Dungeon (15/15)            Temple (0/1) D:7            Lair (8/8) D:10
 Shoals (0/4) Lair:3        Snake (0/4) Lair:5        Slime (0/6) Lair:6
    Orc (0/4) D:11         Vaults (0/5) D:14         Depths (1/5) D:15

Altars:
Cheibriados
Elyvilon
Fedhas
Gozag
Kikubaaqudgha
Makhleb
Nemelex Xobeh
Okawaru
Ru
Trog
Vehumet
Xom
Yredelemnul
The Shining One
Jiyva

Shops:
D:8 ?   D:9 [

Annotations:
Lair:6 1 runed door, exclusion: door


Message History

You swing at nothing.
You swing at nothing.
You swing at nothing.
You swing at nothing.
You swing at nothing.
You swing at nothing.
You swing at nothing.
You swing at nothing.
You swing at nothing.
You swing at nothing.
You swing at nothing.
You swing at nothing.
You swing at nothing.
Things that are here:
a giant club x2 a very ugly thing corpse You butcher the very ugly thing corpse.
Things that are here:
a giant club x2 a mutagenic chunk of flesh Unknown command.
You are feeling very hungry.
HP restored.
Magic restored.
Done exploring.
There is a staircase to the Depths, spattered with blood here.
You climb downwards.
Welcome to the Depths!
The salamander shoots an arrow.
The arrow hits you but does no damage.
The ogre mage points at you and mumbles some strange words.
The fireball explodes!
The fireball engulfs you! You resist.
An ogre comes into view. It is wielding a giant club.
The ogre shouts!
You hear a shout!
There is a staircase back to the Dungeon, spattered with blood here.
You see here 5 arrows.
Are you sure you want to abandon this character and quit the game? (Confirm with "yes".)

.......
.......##
.....O..####
.....u.O#..###
....≈tO.u....#
....≈≈≈......#
....N≈†.....#.#
........†....#
......†.@...##
............#
...........((#
............≈..#
......$....§≈...
#...............
..../.....##....
.......... #.##


You could see a purple very ugly thing, a white ugly thing, a salamander, a
ghost crab shaped shifter, an ogre mage, a two-headed ogre and an ogre.

Action                   |  1- 3 |  4- 6 |  7- 9 | 10-12 | 13-15 | 16-18 || total
-------------------------+-------+-------+-------+-------+-------+-------++-------
Melee: Unarmed           |     2 |     2 |       |       |       |       ||     4
       Dagger            |       |   100 |   166 |   411 |  1070 |   670 ||  2417
       Quick blade       |       |       |       |       |       |   646 ||   646
 Fire: Blowgun           |       |       |       |       |     4 |       ||     4
 Cast: Sandblast         |    66 |    54 |    53 |    38 |    56 |       ||   267
       Stone Arrow       |       |       |     6 |   115 |   115 |    17 ||   253
 Abil: Dig               |       |     6 |       |     3 |     7 |     5 ||    21
       Evoke Invisibilit |       |       |       |    10 |    19 |     9 ||    38
       Turn Visible      |       |       |       |     5 |    14 |     7 ||    26
Evoke: Wand              |       |       |       |    12 |     5 |       ||    17
       Lamp of fire      |       |       |       |       |       |     1 ||     1
  Use: Scroll            |       |       |     5 |    14 |     9 |    12 ||    40
       Potion            |       |       |       |       |     1 |     1 ||     2
 Stab: Sleeping          |       |     3 |    12 |    17 |    37 |    31 ||   100
       Distracted        |       |       |     1 |       |     1 |     7 ||     9
       Invisible         |       |       |       |    30 |    89 |    46 ||   165
       Paralysed         |       |       |       |       |     1 |       ||     1
  Eat: Chunk             |     2 |    10 |    15 |    37 |    47 |    24 ||   135
       Fruit             |       |       |       |     4 |     2 |     2 ||     8

Notes
Turn   | Place    | Note
--------------------------------------------------------------
     0 | D:1      | Duffy the Formicid Earth Elementalist began the quest for the Orb.
     0 | D:1      | Reached XP level 1. HP: 13/13 MP: 3/3
   138 | D:1      | Reached XP level 2. HP: 19/19 MP: 3/5
   310 | D:1      | Reached skill level 4 in Earth Magic
   759 | D:1      | Reached XP level 3. HP: 24/24 MP: 0/7
  1201 | D:2      | Learned a level 3 spell: Stone Arrow
  1256 | D:1      | Reached skill level 3 in Spellcasting
  1442 | D:2      | Reached XP level 4. HP: 30/30 MP: 5/8
  1563 | D:2      | Found a bloodstained altar of Trog.
  1736 | D:2      | Noticed Jessica
  1739 | D:2      | Noticed Robin
  1741 | D:2      | Reached skill level 5 in Earth Magic
  2077 | D:1      | Killed Robin
  2182 | D:2      | Reached XP level 5. HP: 35/35 MP: 8/10
  2251 | D:2      | Killed Jessica
  2251 | D:2      | Reached skill level 4 in Spellcasting
  2419 | D:2      | Learned a level 3 spell: Passwall
  2783 | D:2      | Found a glowing golden altar of the Shining One.
  2930 | D:2      | Reached XP level 6. HP: 41/41 MP: 12/12
  3097 | D:3      | Noticed Natasha
  3097 | D:3      | Noticed Ijyb
  3119 | D:2      | Reached skill level 1 in Conjurations
  3124 | D:2      | Killed Ijyb
  3124 | D:2      | Reached skill level 6 in Earth Magic
  3647 | D:3      | Killed Natasha
  3654 | D:3      | Noticed Natasha
  3711 | D:3      | Killed Natasha
  3716 | D:3      | Found an opulent altar of Gozag.
  4007 | D:3      | Found a sacrificial altar of Ru.
  4041 | D:3      | Found a burning altar of Makhleb.
  4041 | D:3      | Found a radiant altar of Vehumet.
  4045 | D:3      | Reached skill level 2 in Conjurations
  4049 | D:3      | Became a worshipper of Makhleb the Destroyer
  4221 | D:3      | Noticed Natasha
  4226 | D:3      | Killed Natasha
  4314 | D:3      | Found a basalt altar of Yredelemnul.
  4504 | D:3      | Found a white marble altar of Elyvilon.
  4676 | D:4      | Reached XP level 7. HP: 34/46 MP: 13/13
  4866 | D:4      | Reached skill level 7 in Earth Magic
  5312 | D:4      | Got a transparent bronze ring
  5313 | D:4      | Identified the ring of Kezid {-Tele rF+ rC++ Str+4} (You found it on level 4 of the Dungeon)
  5330 | D:4      | Noticed Blork the orc
  5335 | D:4      | Reached skill level 3 in Conjurations
  5346 | D:4      | Killed Blork the orc
  5805 | D:4      | Reached * piety under Makhleb
  5847 | D:5      | Entered Level 5 of the Dungeon
  6173 | D:5      | Reached skill level 4 in Conjurations
  6173 | D:5      | Reached skill level 8 in Earth Magic
  6173 | D:5      | Reached XP level 8. HP: 52/52 MP: 10/14
  6488 | D:5      | Reached skill level 5 in Conjurations
  6488 | D:5      | Reached skill level 9 in Earth Magic
  6582 | D:5      | Learned a level 5 spell: Lee's Rapid Deconstruction
  6740 | D:6      | Reached skill level 1 in Fighting
  7262 | D:6      | Reached skill level 2 in Fighting
  7299 | D:6      | Reached ** piety under Makhleb
  7546 | D:6      | Reached XP level 9. HP: 52/62 MP: 15/15
  7866 | D:7      | Reached skill level 3 in Fighting
  7909 | D:7      | Found a shimmering altar of Xom.
  7929 | D:6      | Reached skill level 10 in Earth Magic
  8010 | D:7      | Reached skill level 4 in Fighting
  8183 | D:7      | Reached skill level 2 in Dodging
  8422 | D:7      | Reached skill level 1 in Evocations
  8596 | D:7      | Found a staircase to the Ecumenical Temple.
  8645 | D:7      | Reached skill level 3 in Dodging
  8789 | D:8      | Reached skill level 2 in Evocations
  8842 | D:8      | Found a shimmering altar of Xom.
  8913 | D:8      | Reached skill level 3 in Evocations
  8994 | D:8      | Reached skill level 4 in Dodging
  8994 | D:8      | Reached skill level 4 in Evocations
  9086 | D:8      | Reached XP level 10. HP: 67/72 MP: 16/16
  9154 | D:7      | Learned a level 4 spell: Petrify
  9275 | D:8      | Found a blossoming altar of Fedhas.
  9275 | D:8      | Found an ancient bone altar of Kikubaaqudgha.
  9435 | D:8      | Found Umuma's Magic Scroll Shop.
  9438 | D:8      | Bought 2 scrolls of identify for 56 gold pieces
  9438 | D:8      | Bought a scroll of identify for 28 gold pieces
  9438 | D:8      | Bought a scroll of identify for 28 gold pieces
  9438 | D:8      | Bought a scroll of identify for 28 gold pieces
  9560 | D:8      | Reached *** piety under Makhleb
  9560 | D:8      | Reached skill level 5 in Dodging
  9560 | D:8      | Reached skill level 5 in Evocations
  9614 | D:8      | Found an iron altar of Okawaru.
  9623 | D:8      | Found a sparkling altar of Nemelex Xobeh.
 10104 | D:9      | Found Iminosu's Antique Armour Boutique.
 10110 | D:9      | Bought an embroidered cloak for 153 gold pieces
 10505 | D:9      | Noticed Pikel
 10528 | D:9      | Killed Pikel
 10528 | D:9      | Reached skill level 6 in Dodging
 10528 | D:9      | Reached skill level 6 in Evocations
 11077 | D:9      | Found a snail-covered altar of Cheibriados.
 11182 | D:10     | Entered Level 10 of the Dungeon
 11182 | D:10     | Noticed a hill giant
 11191 | D:10     | Killed a hill giant
 11191 | D:10     | Reached skill level 7 in Evocations
 11364 | D:9      | Reached skill level 7 in Dodging
 11434 | D:9      | Reached skill level 8 in Evocations
 11519 | D:9      | Reached XP level 11. HP: 70/77 MP: 4/17
 11755 | D:10     | Reached skill level 3 in Stealth
 11768 | D:10     | Reached skill level 1 in Short Blades
 11829 | D:10     | Reached skill level 4 in Stealth
 11967 | D:10     | Reached **** piety under Makhleb
 12049 | D:10     | Reached skill level 5 in Stealth
 12119 | D:10     | Reached skill level 5 in Fighting
 12125 | D:10     | Noticed chonchonts's ghost (journeyman MiFi)
 12250 | D:9      | Reached skill level 2 in Short Blades
 12480 | D:9      | Bought a glowing shield for 153 gold pieces
 12803 | D:10     | Reached skill level 1 in Shields
 12811 | D:10     | Reached skill level 6 in Stealth
 13231 | D:10     | Found a blossoming altar of Fedhas.
 13255 | D:10     | Reached skill level 3 in Short Blades
 13310 | D:10     | Reached skill level 2 in Shields
 13467 | D:10     | Reached skill level 7 in Stealth
 13699 | D:10     | Killed chonchonts's ghost
 13933 | D:9      | Reached skill level 3 in Shields
 13964 | D:10     | Reached skill level 8 in Stealth
 13976 | D:10     | Found a staircase to the Lair.
 14098 | Lair:1   | Entered Level 1 of the Lair of Beasts
 14348 | Lair:1   | Reached skill level 4 in Short Blades
 14457 | Lair:1   | Reached skill level 4 in Shields
 14503 | Lair:1   | Reached skill level 5 in Shields
 14521 | Lair:1   | Reached XP level 12. HP: 86/86 MP: 14/18
 14569 | Lair:1   | Reached skill level 6 in Shields
 14623 | Lair:1   | Reached skill level 7 in Shields
 15049 | Lair:1   | Reached skill level 8 in Shields
 15638 | Lair:2   | Reached ***** piety under Makhleb
 15843 | Lair:2   | Reached skill level 9 in Shields
 16104 | Lair:2   | Reached skill level 10 in Shields
 16685 | Lair:3   | Noticed Harold
 16718 | Lair:3   | Reached skill level 5 in Short Blades
 16722 | Lair:3   | Reached skill level 6 in Fighting
 16727 | Lair:3   | Killed Harold
 16838 | Lair:3   | Reached skill level 7 in Fighting
 16838 | Lair:3   | Reached skill level 6 in Short Blades
 17173 | Lair:3   | Reached XP level 13. HP: 96/96 MP: 12/19
 17245 | Lair:3   | Found a staircase to the Shoals.
 17859 | Lair:4   | Reached skill level 7 in Short Blades
 17860 | Lair:4   | Reached skill level 8 in Fighting
 18128 | Lair:4   | Reached skill level 9 in Fighting
 18128 | Lair:4   | Reached skill level 8 in Short Blades
 18142 | Lair:4   | Reached ****** piety under Makhleb
 18337 | Lair:4   | Noticed Sonja
 18428 | Lair:4   | Killed Sonja
 18519 | Lair:4   | Reached skill level 9 in Short Blades
 19001 | Lair:4   | Reached skill level 10 in Fighting
 19252 | Lair:5   | Reached skill level 9 in Stealth
 19509 | Lair:5   | Found a staircase to the Snake Pit.
 19856 | Lair:5   | Reached skill level 10 in Stealth
 20022 | Lair:5   | Reached skill level 10 in Short Blades
 20327 | Lair:5   | Reached XP level 14. HP: 110/110 MP: 16/20
 20857 | Lair:6   | Reached skill level 11 in Stealth
 21086 | Lair:6   | Found a runed door.
 21086 | Lair:6   | Found a viscous altar of Jiyva.
 21086 | Lair:6   | Found a staircase to the Slime Pits.
 21141 | Lair:6   | Found a snail-covered altar of Cheibriados.
 21716 | Lair:7   | Reached skill level 12 in Stealth
 21937 | Lair:7   | Reached skill level 13 in Stealth
 22194 | Lair:7   | Reached skill level 14 in Stealth
 22950 | Lair:8   | Entered Level 8 of the Lair of Beasts
 23163 | Lair:8   | Reached skill level 9 in Evocations
 23444 | Lair:8   | Reached skill level 15 in Stealth
 23936 | Lair:8   | Reached skill level 10 in Evocations
 23938 | Lair:8   | Reached XP level 15. HP: 115/115 MP: 22/22
 24352 | Lair:8   | Reached skill level 11 in Evocations
 24661 | Lair:8   | Reached skill level 1 in Invocations
 24682 | Lair:8   | Reached skill level 2 in Invocations
 24717 | Lair:8   | Reached skill level 3 in Invocations
 24942 | Lair:8   | Reached skill level 4 in Invocations
 25029 | Lair:8   | Reached skill level 5 in Invocations
 25107 | Lair:8   | Got a polished scimitar
 25108 | Lair:8   | Identified the +7 scimitar of an ossuary {flame, rF+ rN+} (You found it on level 8 of the Lair of Beasts)
 25274 | Lair:8   | Reached skill level 6 in Invocations
 25819 | Lair:7   | Reached skill level 7 in Invocations
 25994 | D:11     | Found a flagged portal.
 26066 | Bailey   | Entered a bailey
 26078 | Bailey   | Noticed an orc warlord
 26133 | Bailey   | Found a runed gate.
 26133 | Bailey   | Found a runed gate.
 26133 | Bailey   | Found a runed gate.
 26171 | Bailey   | Noticed SlimeFever's ghost (novice DsVM)
 26270 | Bailey   | Killed SlimeFever's ghost
 26406 | Bailey   | Killed an orc warlord
 26430 | Bailey   | Reached skill level 7 in Spellcasting
 26430 | Bailey   | Reached XP level 16. HP: 122/122 MP: 23/27
 26450 | Bailey   | Reached skill level 6 in Conjurations
 26450 | Bailey   | Reached skill level 11 in Earth Magic
 26450 | Bailey   | Reached XP level 17. HP: 128/128 MP: 28/28
 26506 | D:11     | Noticed Fannar
 26533 | D:11     | Killed Fannar
 26533 | D:11     | Reached skill level 8 in Invocations
 26726 | D:11     | Found a staircase to the Orcish Mines.
 27332 | D:12     | Found a frozen archway.
 27343 | D:12     | Reached skill level 1 in Armour
 27387 | IceCv    | Entered an ice cave
 27390 | IceCv    | Reached skill level 2 in Armour
 27563 | IceCv    | Reached skill level 3 in Armour
 27964 | IceCv    | Reached skill level 4 in Armour
 28160 | IceCv    | Reached skill level 5 in Armour
 28270 | IceCv    | Reached skill level 6 in Armour
 28523 | IceCv    | Reached skill level 7 in Armour
 29066 | D:12     | Reached XP level 18. HP: 134/134 MP: 29/29
 29338 | D:13     | Reached skill level 8 in Armour
 29538 | D:13     | Noticed heinrich's ghost (journeyman DsGl)
 29563 | D:13     | Killed heinrich's ghost
 30269 | D:14     | Reached skill level 9 in Armour
 30587 | D:14     | Found a gate to the Vaults.
 30703 | D:14     | Reached skill level 10 in Armour
 31133 | D:14     | Reached skill level 11 in Armour
 31511 | D:15     | Entered Level 15 of the Dungeon
 32251 | D:15     | Found a staircase to the Depths.
 32402 | D:15     | Reached skill level 8 in Dodging
 32598 | Depths:1 | Entered Level 1 of the Depths
 32618 | Depths:1 | Reached skill level 11 in Fighting
 32744 | Depths:1 | Quit the game

Vault maps used:
D:1:      mrwooster_arrival_arrow
D:2:      lemuel_doored_altar, first_bread, minmay_misc_feat_secret_circle,
          tso_altar, uniq_jessica, uniq_robin
D:3:      kennysheep_ying_yang, grunt_temple_overflow_lords_of_destruction,
          nicolae_gozag_seed_capital, old_standard_altar, serial_forest,
          infiniplex_forest_zigzag_1, infiniplex_forest_straight_3,
          infiniplex_forest_end_2, infiniplex_forest_lined_4_way,
          infiniplex_forest_lined_room_3, uniq_natasha, uniq_iyjb
D:4:      uniq_blork_the_orc
D:5:      nicolae_underground_beach
D:7:      xom_confusion_cloud, temple_hall, the_bakery
D:8:      grunt_temple_overflow_growth_and_decay, minitemple, basic_altar,
          serial_shops, kennysheep_mini, lemuel_flame_loot_1
D:9:      kennysheep_mini_moat, serial_shops, shop, uniq_pikel
D:10:     erik_lair_island, kennysheep_cross_room, fedhas_bush_and_centaur_altar
D:11:     david_orc_1_choice, enter_bailey_2, uniq_fannar
D:12:     portal_ice_cave_entry_ice_beasts
D:13:     kennysheep_nondescript, kennysheep_small_square
D:14:     erik_vaults_2, moated_statue, minmay_misc_feat_room
D:15:     hangedman_depths_entry_try_elsewhere_first, patterned_corridor
Lair:1:   gammafunk_lair_bear_cave, serial_bayou_shore_b, lemuel_fruit_tree
Lair:3:   elwin_shoals_entry_rooms, grunt_megastairs_2,
          infiniplex_staircase_pool_2, uniq_harold
Lair:4:   uniq_sonja
Lair:5:   minmay_snake_entry_guardpost_large, grunt_megastairs_5,
          serial_bayou_shore_a
Lair:6:   slime_altar_2, st_stairs_5, lemuel_centaur_altar
Lair:7:   special_room
Lair:8:   minmay_lair_end_enchanted_forest
Depths:1: minmay_misc_feat_five, hangedman_coc_ice_floe, minmay_holes,
          lightli_church_of_beogh
Bailey:   bailey_axe_bossmonster_kennysheep, bailey
IceCv:    ice_cave_caverns_02

Vanquished Creatures
  An orc warlord
  A frost giant
  A very ugly thing
  The ghost of heinrich the Cruncher, a journeyman DsGl of Makhleb
  A dire elephant
  8 vault guards
  The ghost of chonchonts the Cleaver, a journeyman MiFi of Qazlal
  6 hydras Fannar Harold
  An entropy weaver
  A naga warrior
  2 centaur warriors
  A catoblepas
  An ogre mage
  8 death yaks
  The ghost of SlimeFever the Tainter, a novice DsVM of Sif Muna Sonja
  A harpy (shapeshifter)
  An unseen horror
  7 hill giants Pikel
  6 ugly things
  5 griffons
  A manticore
  3 black mambas
  A salamander
  13 elephants
  2 centaur zombies
  A siren
  An ice statue
  A gargoyle
  2 kobold demonologists
  10 spiny frogs
  A spriggan druid
  4 fire drakes
  16 komodo dragons
  An efreet
  5 trolls
  16 polar bears
  6 two-headed ogres
  A queen bee
  10 slime creatures
  27 blink frogs
  2 boulder beetles
  A trapdoor spider
  A tarantella
  8 redbacks
  13 spriggans
  3 wyverns
  4 basilisks
  3 deep elf magi
  2 fire bats
  76 yaks
  9 hippogriffs
  3 wraiths
  57 wolves
  2 wargs
  12 porcupines
  2 mottled dragons
  13 orc warriors
  4 nagas
  8 water moccasins
  12 ice beasts
  A hornet simulacrum
  5 wasps
  4 sky beasts
  A slave
  7 black bears
  13 ogres
  4 phantoms
  9 centaurs
  2 eyes of draining
  4 boggarts
  13 crocodiles
  4 big kobolds Blork the orc
  A wyvern zombie
  19 giant frogs
  A gnoll sergeant
  A wyvern skeleton
  5 scorpions
  8 electric eels
  16 wights
  24 killer bees
  2 giant frog zombies
  8 crimson imps
  9 hounds
  3 jellies
  3 centaur skeletons
  3 giant frog skeletons
  6 orc priests Ijyb
  2 quasits Jessica
  12 worker ants
  Natasha (thrice)
  7 iguanas
  10 orc wizards
  3 killer bee zombies
  10 sheep
  3 hound skeletons
  14 gnolls
  A worker ant zombie Robin
  16 adders
  45 river rats
  3 shadow imps
  An ooze
  3 worms
  4 giant geckos
  41 orcs
  2 ball pythons
  6 giant cockroaches
  23 goblins
  14 hobgoblins
  13 jackals
  6 quokkas
  7 bats
  6 giant newts
  2 jackal skeletons
  28 kobolds
  A quokka skeleton
  7 rats
  9 fungi
  5 plants
903 creatures vanquished.
